Map: Arctic Dream LE

Players

KSwag

  • Race: Protoss Protoss
  • League: Gold
  • Spawn Location: 6:00

tamothy

  • Race: Protoss Protoss
  • League: Gold
  • Spawn Location: 5:00

Throwfordays - Winner!

  • Race: Protoss Protoss
  • League: Silver
  • Spawn Location: 12:00

Faust - Winner!

  • Race: Zerg Zerg
  • League: Diamond
  • Spawn Location: 11:00

VOD

Have the link to the VOD?

Description

Time

  • Played on: July 22, 2020, 12:22 a.m.
  • Length: 12:28
Show
View Real Time Build Order
Export as new Build Order

KSwag Protoss 

Build Orders: Blink Stalkers 

Get SALT Encoding   

  12  0:01  Probe  
  13  0:13  Probe  
  14  0:22  Pylon  
  14  0:25  Probe  
  15  0:41  Probe  
  16  0:44  Gateway  
  16  0:49  Pylon  
  16  0:57  Probe  
  16  1:00  Assimilator  
  17  1:05  Pylon, Probe  
  18  1:13  Probe  
  19  1:23  Probe  
  20  1:35  Cybernetics Core  
  20  1:40  Probe  
  21  1:52  Probe  
  22  1:57  Nexus  
  22  2:02  Warp Gate  
  22  2:04  Probe  
  23  2:09  Assimilator  
  23  2:16  Probe  
  24  2:24  Twilight Council  
  24  2:28  Probe  
  25  2:33  Shield Battery  
  25  2:41  Probe  
  26  2:52  Gateway  
  26  3:02  Robotics Facility  
  26  3:07  Probe  
  27  3:15  Probe  
  28  3:24  Probe  
  28  3:25  Stalker  
  30  3:33  Pylon  
  31  3:36  Probe  
  32  3:47  Gateway  
  32  3:48  Probe  
  33  3:52  Stalker  
  35  3:57  Blink  
  35  4:00  Probe  
  36  4:11  Probe  
  36  4:14  Probe  
  37  4:19  Probe  
  37  4:22  Probe  
  37  4:23  Assimilator  
  39  4:25  Assimilator  
  39  4:29  Probe  
  39  4:30  Immortal  
  44  4:32  Probe  
  44  4:33  Stalker  
  48  4:39  Pylon  
  48  4:41  Probe  
  48  4:44  Probe  
  50  4:51  Probe  
  50  4:56  Probe  
  50  4:59  Probe  
  52  5:04  Stalker  
  52  5:05  Stalker  
  57  5:07  Probe  
  57  5:08  Probe  
  57  5:11  Shield Battery  
  59  5:19  Probe  
  59  5:20  Probe  
  61  5:25  Robotics Bay  
  61  5:29  Stalker  
  61  5:31  Probe  
  61  5:32  Probe  
  65  5:39  Stalker  
  65  5:40  Stalker  
  69  5:59  Pylon  
  69  6:00  Charge  
  69  6:02  Pylon  
  69  6:03  Pylon  
  69  6:05  Pylon  
  69  6:10  Gateway  
  69  6:12  Gateway  
  69  6:13  Gateway  
  69  6:22  Colossus  
  75  6:27  Extended Thermal Lance  
  75  6:42  Stalker  
  77  7:09  Shield Battery  
  77  7:16  Colossus  
  77  7:20  Templar Archives  
  83  7:24  Stalker  
  83  7:25  Stalker  
  83  7:26  Forge, Stalker, Zealot  
  91  7:47  Zealot x3  
  91  7:48  Zealot  
  91  7:49  Psionic Storm  
  99  7:52  Pylon  
  99  7:53  Pylon  
  99  7:56  Gateway  
  99  7:58  Gateway  
  99  8:04  High Templar  
  101  8:09  Disruptor  
  104  8:41  Stalker x4  
  106  8:42  Stalker x2  
  106  8:43  Pylon  
  100  9:51  Probe  
  101  9:56  Probe  
  101  10:00  Probe  
  101  10:04  Probe  
  103  10:08  High Templar, Probe  
  103  10:09  High Templar x3  
  103  10:10  High Templar  
  115  10:14  Probe  
  115  10:17  Probe  
  117  10:22  Zealot  
  117  10:23  Zealot x2  
  117  10:26  Probe  
  124  10:29  Probe  
  125  10:38  Probe  
  126  11:08  Probe  
  17  12:11  Nexus  
  17  12:22  Nexus  
Show
View Real Time Build Order
Export as new Build Order

tamothy Protoss 

Build Orders:  

Get SALT Encoding   

  1  0:00  Probe  
  12  0:05  Probe  
  14  0:15  Probe  
  15  0:28  Pylon  
  15  0:39  Assimilator  
  15  0:46  Probe  
  16  0:56  Probe  
  16  0:58  Gateway  
  16  1:03  Pylon  
  17  1:04  Probe  
  18  1:12  Assimilator  
  18  1:13  Probe  
  19  1:25  Probe  
  20  1:37  Forge  
  20  1:42  Probe  
  21  1:54  Cybernetics Core, Probe  
  22  2:07  Probe  
  23  2:15  Photon Cannon, Probe  
  23  2:18  Photon Cannon  
  23  2:20  Photon Cannon  
  24  2:23  Probe  
  25  2:30  Stalker  
  27  2:55  Nexus  
  27  3:17  Stalker  
  29  3:29  Stargate  
  29  3:32  Stargate  
  29  3:35  Pylon  
  29  4:08  Probe  
  29  4:15  Void Ray  
  29  4:16  Probe  
  35  4:24  Void Ray  
  35  4:26  Probe  
  40  4:48  Probe  
  40  4:49  Shield Battery  
  40  4:50  Shield Battery  
  41  4:54  Assimilator  
  41  4:55  Probe  
  41  4:56  Probe  
  41  4:58  Assimilator  
  42  5:04  Probe  
  43  5:07  Probe  
  43  5:11  Stargate  
  45  5:15  Probe  
  46  5:22  Stargate  
  46  5:27  Probe  
  47  5:37  Probe  
  48  5:44  Protoss Air Weapons Level 1  
  48  5:45  Probe  
  49  5:51  Void Ray  
  49  5:56  Probe  
  54  6:27  Nexus  
  54  6:50  Pylon  
  54  6:55  Pylon  
  54  6:59  Pylon, Void Ray  
  54  7:01  Pylon  
  54  7:04  Void Ray  
  54  7:07  Void Ray  
  62  7:12  Void Ray  
  70  7:36  Probe  
  71  7:42  Probe  
  71  7:48  Probe  
  71  7:50  Protoss Air Armor Level 1, Void Ray, Probe  
  77  7:56  Assimilator  
  77  7:58  Assimilator  
  78  7:59  Void Ray x2  
  78  8:00  Probe x2  
  88  8:12  Probe  
  89  8:13  Probe  
  89  8:14  Probe  
  91  8:20  Void Ray  
  91  8:24  Probe  
  91  8:25  Probe  
  91  8:26  Probe  
  98  8:48  Stargate  
  98  8:50  Stargate  
  98  8:53  Void Ray  
  80  9:48  Void Ray  
  80  9:49  Void Ray x4  
  100  10:36  Void Ray  
  100  10:37  Void Ray x2  
  100  10:38  Void Ray  
  80  10:49  Void Ray x2  
  84  11:19  Void Ray  
  88  11:27  Void Ray  
  88  11:28  Void Ray  
  88  11:31  Void Ray  
Show
View Real Time Build Order
Export as new Build Order

Throwfordays Protoss - Winner!

Build Orders: Carriers 

Get SALT Encoding   

  12  0:00  Probe  
  13  0:16  Pylon, Probe  
  14  0:24  Probe  
  15  0:36  Gateway  
  15  0:41  Probe  
  16  0:56  Assimilator  
  16  0:58  Probe  
  16  1:04  Pylon  
  17  1:10  Probe  
  18  1:21  Assimilator  
  18  1:22  Probe  
  19  1:27  Cybernetics Core  
  19  1:43  Warp Gate  
  19  1:48  Nexus  
  19  1:50  Probe  
  20  2:02  Probe  
  21  2:13  Forge  
  21  2:14  Probe  
  22  2:26  Adept  
  24  2:32  Probe  
  25  2:38  Pylon  
  25  2:44  Probe  
  26  2:56  Stalker  
  28  3:03  Photon Cannon  
  28  3:05  Photon Cannon  
  28  3:09  Probe  
  29  3:13  Probe  
  29  3:17  Probe  
  30  3:25  Probe  
  32  3:28  Twilight Council  
  32  3:30  Probe  
  33  3:37  Probe  
  33  3:41  Stalker  
  36  3:42  Probe  
  37  3:57  Stargate  
  37  4:00  Stargate  
  37  4:03  Stargate  
  37  4:06  Probe  
  38  4:11  Pylon  
  38  4:14  Probe  
  38  4:17  Probe  
  38  4:20  Assimilator  
  38  4:22  Probe  
  40  4:25  Assimilator, Protoss Air Weapons Level 1  
  40  4:29  Probe  
  42  4:49  Probe  
  42  4:52  Probe  
  44  4:54  Void Ray  
  48  5:01  Probe  
  48  5:03  Void Ray  
  48  5:04  Probe  
  54  5:13  Probe  
  55  5:14  Void Ray  
  55  5:16  Probe  
  60  5:24  Photon Cannon  
  60  5:25  Probe  
  61  5:29  Photon Cannon, Probe  
  61  5:33  Photon Cannon  
  62  5:42  Protoss Shields Level 1  
  62  5:43  Fleet Beacon  
  62  5:48  Cybernetics Core  
  62  6:14  Pylon  
  62  6:16  Pylon  
  62  6:18  Pylon  
  62  6:20  Robotics Facility  
  62  6:23  Pylon  
  62  6:24  Pylon  
  62  6:32  Probe  
  63  6:33  Protoss Air Armor Level 1  
  63  6:36  Void Ray  
  67  6:48  Pylon  
  67  6:50  Protoss Air Weapons Level 2  
  67  6:51  Assimilator  
  67  6:55  Assimilator  
  67  7:00  Nexus  
  67  7:03  Probe  
  67  7:06  Probe  
  69  7:13  Observer  
  70  7:15  Probe  
  70  7:16  Void Ray  
  70  7:18  Probe  
  76  7:27  Void Ray  
  76  7:28  Probe  
  81  7:30  Probe  
  81  7:34  Observer  
  83  7:39  Void Ray  
  87  7:55  Observer  
  88  8:01  Carrier  
  94  8:08  Probe  
  95  8:16  Probe  
  95  8:21  Flux Vanes  
  95  8:22  Carrier  
  95  8:26  Probe  
  96  8:34  Carrier  
  103  8:38  Probe  
  110  8:50  Probe  
  111  9:00  Carrier  
  111  9:01  Stargate  
  111  9:02  Probe  
  118  9:37  Carrier  
  124  9:41  Pylon  
  124  9:44  Pylon  
  124  9:50  Probe  
  124  9:58  Probe  
  131  10:00  Carrier  
  131  10:02  Carrier  
  138  10:08  Probe  
  138  10:13  Nexus  
  139  10:16  Assimilator  
  139  10:20  Assimilator, Probe  
  140  10:22  Pylon x2  
  140  10:23  Pylon  
  140  10:25  Pylon  
  140  10:26  Pylon  
  140  10:28  Pylon  
  140  10:40  Carrier  
  146  10:55  Carrier  
  152  11:03  Probe  
  153  11:05  Probe  
  153  11:08  Probe  
  153  11:15  Probe  
  154  11:20  Probe  
  148  11:27  Probe  
  149  11:33  Probe  
  149  11:38  Probe  
  149  11:45  Probe  
  149  11:46  Probe  
  170  11:56  Probe  
  170  11:57  Probe  
  172  12:08  Probe  
Show
View Real Time Build Order
Export as new Build Order

Faust Zerg - Winner!

Build Orders: Pool First 

Get SALT Encoding   

  12  0:02  Drone  
  13  0:09  Drone  
  14  0:15  Extractor  
  14  0:16  Drone  
  15  0:24  Overlord  
  15  0:43  Spawning Pool  
  15  0:44  Drone  
  15  0:46  Drone  
  16  1:10  Hatchery  
  15  1:15  Drone  
  15  1:17  Extractor  
  15  1:19  Drone  
  15  1:24  Drone  
  17  1:33  Queen  
  17  1:36  Zergling x2  
  20  1:45  Overlord  
  20  1:48  Zergling x2  
  21  2:18  Zergling x4  
  21  2:21  Metabolic Boost  
  21  2:22  Overlord  
  23  2:32  Queen  
  23  2:35  Drone x3  
  28  2:42  Overlord  
  28  2:47  Drone x2  
  28  2:50  Drone  
  31  3:01  Drone x3  
  34  3:15  Queen  
  34  3:17  Drone x3  
  39  3:23  Drone x2  
  41  3:29  Lair  
  41  3:33  Overlord  
  38  4:07  Drone x4  
  38  4:08  Drone  
  42  4:11  Hatchery  
  41  4:21  Hatchery  
  40  4:26  Drone  
  40  4:27  Extractor  
  40  4:28  Drone x3  
  43  4:33  Spire  
  43  4:34  Drone  
  43  4:35  Drone x4  
  43  4:37  Drone  
  48  4:39  Drone  
  48  4:45  Overlord x2  
  49  4:47  Extractor  
  49  4:50  Extractor  
  47  4:55  Drone x2  
  47  4:56  Drone x3  
  52  5:03  Drone x4  
  56  5:09  Drone  
  56  5:12  Drone  
  56  5:14  Overlord  
  58  5:23  Queen  
  60  5:29  Drone  
  60  5:30  Drone x6  
  60  5:33  Drone  
  60  5:34  Drone x2  
  60  5:35  Drone  
  71  5:49  Extractor, Mutalisk x3  
  72  5:50  Mutalisk  
  72  5:51  Extractor  
  72  5:55  Zerg Flyer Weapons Level 1  
  72  5:56  Drone x3  
  80  5:57  Drone x2  
  80  5:58  Drone  
  80  5:59  Queen  
  85  6:05  Drone x2  
  85  6:06  Drone x2  
  85  6:07  Drone  
  85  6:08  Drone x2  
  92  6:16  Overlord x2  
  92  6:17  Overlord  
  92  6:18  Overlord  
  92  6:35  Overseer  
  92  6:36  Mutalisk x4  
  100  6:42  Extractor  
  100  6:44  Extractor  
  100  6:45  Drone x3  
  100  6:46  Drone x3  
  104  7:00  Hatchery  
  103  7:04  Mutalisk x5  
  103  7:07  Zergling x2  
  103  7:08  Zergling x24  
  126  7:14  Drone x2  
  128  7:15  Overlord  
  128  7:16  Overlord  
  128  7:28  Evolution Chamber  
  127  7:31  Evolution Chamber  
  127  7:37  Mutalisk x6  
  126  7:43  Pneumatized Carapace  
  138  7:57  Mutalisk x3  
  144  8:00  Zerg Melee Weapons Level 1  
  144  8:01  Overlord x3  
  144  8:02  Overlord x3  
  144  8:06  Zerg Ground Armor Level 1  
  144  8:12  Infestation Pit  
  143  8:17  Drone x7  
  150  8:40  Mutalisk  
  150  8:41  Mutalisk x5  
  152  8:46  Extractor  
  161  8:49  Extractor  
  135  9:17  Mutalisk  
  135  9:18  Mutalisk x7  
  135  9:23  Drone  
  135  9:24  Drone x4  
  148  9:25  Drone  
  141  9:44  Mutalisk  
  141  9:45  Mutalisk x5  
  141  9:52  Mutalisk x2  
  155  10:02  Zerg Flyer Weapons Level 2  
  155  10:04  Hive  
  155  10:06  Extractor, Hatchery  
  153  10:07  Extractor  
  152  10:26  Drone  
  152  10:27  Drone x2  
  152  10:28  Drone x4  
  158  10:29  Drone x8  
  158  10:30  Zergling x12  
  173  11:16  Mutalisk x2  
  173  11:17  Mutalisk x9  
  196  11:18  Zergling x2  
  196  11:22  Overlord  
  196  11:23  Overlord x2  
  194  11:27  Mutalisk  
  196  11:36  Ultralisk Cavern  
Tags
 
Add a new tag
Caveats
  • Supply blocks, unpowered buildings, or Contaminate may cause inaccurate times.
  • Supply counts are checked every 10 seconds.